Map: 트라이튼 - 래더

Players

Solar

  • Race: Zerg Zerg
  • Spawn Location: 5:00

Trap - Winner!

  • Race: Protoss Protoss
  • Spawn Location: 11:00

Event: IEM Katowice 2020

VOD

Have the link to the VOD?

Description

Time

  • Played on: Feb. 28, 2020, 7:45 a.m.
  • Length: 15:31

All games in this series

Show
View Real Time Build Order
Export as new Build Order

Solar Zerg 

Build Orders: Hatch First, Brood Lord Corruptor 

Get SALT Encoding   

  12  0:01  Drone  
  13  0:12  Overlord  
  13  0:17  Drone  
  14  0:30  Drone  
  14  0:31  Drone  
  16  0:47  Hatchery  
  15  0:51  Drone  
  15  0:54  Drone  
  17  0:58  Drone  
  18  1:07  Extractor  
  17  1:13  Spawning Pool  
  17  1:16  Drone  
  17  1:19  Drone  
  18  1:28  Drone  
  19  1:38  Drone  
  20  1:49  Overlord  
  20  1:59  Queen  
  20  2:00  Queen  
  24  2:02  Zergling x4  
  26  2:10  Drone x2  
  26  2:15  Metabolic Boost  
  28  2:20  Drone  
  28  2:21  Drone  
  30  2:34  Hatchery  
  30  2:35  Drone  
  30  2:43  Queen  
  32  2:46  Overlord  
  33  2:51  Drone  
  33  2:52  Drone  
  33  2:54  Drone  
  33  2:56  Drone  
  36  3:07  Drone x2  
  36  3:08  Zergling x4  
  36  3:10  Drone  
  41  3:17  Overlord  
  41  3:18  Queen  
  43  3:20  Drone  
  43  3:23  Overlord  
  43  3:32  Spore Crawler, Drone  
  43  3:34  Overlord  
  43  3:36  Drone x2  
  43  3:39  Drone x2  
  47  3:41  Drone  
  47  3:46  Queen  
  47  3:48  Spore Crawler  
  49  3:50  Drone  
  49  3:53  Drone x2  
  49  3:54  Drone  
  53  3:56  Drone  
  53  3:58  Drone  
  53  3:59  Drone  
  53  4:01  Zergling x2  
  57  4:03  Zergling x2  
  57  4:05  Zergling x2  
  57  4:07  Overlord  
  59  4:10  Drone  
  59  4:15  Drone  
  60  4:17  Spore Crawler  
  60  4:19  Drone  
  60  4:20  Zergling x2  
  60  4:22  Drone  
  62  4:30  Drone  
  62  4:31  Drone x2  
  64  4:33  Overlord  
  64  4:35  Drone  
  64  4:37  Drone  
  66  4:40  Lair  
  66  4:44  Zergling x6  
  68  4:49  Extractor x2, Drone x3, Roach Warren  
  68  4:51  Zergling x2  
  69  4:54  Overlord  
  69  4:55  Drone x2  
  69  4:56  Drone  
  69  4:59  Drone  
  73  5:05  Drone  
  73  5:06  Drone  
  73  5:07  Overlord  
  75  5:11  Spore Crawler  
  75  5:12  Drone  
  75  5:14  Drone  
  75  5:15  Drone  
  75  5:16  Extractor, Drone  
  75  5:17  Extractor, Drone x2  
  75  5:20  Drone x2  
  79  5:24  Drone  
  81  5:28  Drone  
  81  5:30  Zergling x6, Drone  
  81  5:34  Evolution Chamber  
  84  5:35  Extractor  
  84  5:36  Drone  
  84  5:38  Overseer  
  84  5:39  Drone  
  84  5:40  Glial Reconstitution, Drone  
  85  5:46  Drone  
  85  5:49  Drone x2  
  88  5:50  Overlord  
  88  5:52  Roach x2  
  88  5:53  Roach x2  
  88  5:54  Overlord  
  96  5:58  Overlord  
  96  5:59  Drone  
  96  6:01  Drone  
  96  6:02  Overlord  
  97  6:05  Spore Crawler, Overlord  
  97  6:06  Overlord  
  97  6:13  Overlord  
  97  6:15  Overlord, Zerg Missile Weapons Level 1  
  97  6:17  Overseer  
  97  6:20  Zergling x6  
  97  6:22  Overlord  
  97  6:24  Roach x2  
  97  6:25  Hatchery  
  102  6:27  Overlord  
  102  6:33  Drone  
  102  6:35  Roach x3, Infestation Pit  
  108  6:40  Overlord  
  108  6:41  Overlord  
  108  6:43  Overlord  
  108  6:44  Nydus Network  
  108  6:46  Drone  
  108  6:53  Drone x2  
  108  6:54  Drone  
  106  6:57  Roach x3  
  106  6:58  Roach x3  
  118  7:12  Roach x6  
  118  7:13  Ravager x7  
  118  7:15  Roach x3  
  144  7:17  Roach  
  144  7:21  Roach x2  
  150  7:27  Drone, Baneling Nest  
  150  7:28  Zergling x2  
  150  7:34  Zergling x2  
  150  7:38  Zergling x8  
  150  7:42  Zergling x2  
  150  7:44  Drone x7  
  150  7:45  Pneumatized Carapace  
  150  7:50  Hive  
  150  7:51  Spire, Drone  
  158  7:52  Drone  
  158  7:54  Drone x2  
  160  8:00  Drone  
  160  8:04  Zergling x6, Extractor  
  162  8:08  Zergling x6  
  162  8:09  Zerg Melee Weapons Level 1  
  162  8:10  Centrifical Hooks  
  162  8:12  Drone x2  
  167  8:14  Drone  
  167  8:19  Zergling x2  
  175  8:20  Zergling x14  
  176  8:30  Baneling x5  
  176  8:34  Zergling x12  
  182  8:35  Queen  
  180  8:48  Drone  
  177  8:51  Zergling x20  
  177  8:52  Zergling x4  
  177  8:54  Hatchery  
  188  8:55  Baneling x2  
  188  8:56  Baneling x4  
  188  8:59  Zergling x10  
  187  9:03  Adrenal Glands  
  187  9:04  Greater Spire  
  187  9:07  Extractor  
  187  9:09  Corruptor  
  186  9:10  Corruptor x2  
  186  9:14  Corruptor  
  188  9:18  Corruptor  
  188  9:34  Zergling x8  
  188  9:37  Corruptor x2  
  180  9:39  Zergling x14  
  180  9:44  Corruptor x2  
  193  9:48  Zergling x10  
  193  9:49  Zergling x4  
  193  9:51  Baneling x10  
  193  9:52  Baneling x2  
  197  9:55  Baneling x9  
  197  9:56  Baneling x3  
  197  9:58  Zergling x2  
  197  9:59  Zergling x2  
  197  10:01  Baneling x5  
  197  10:12  Baneling  
  197  10:13  Baneling x8  
  197  10:16  Zergling x14  
  197  10:19  Zergling x14  
  191  10:24  Zergling x10  
  191  10:27  Zergling x4  
  147  10:32  Roach x2  
  147  10:33  Zergling x4  
  147  10:35  Roach  
  147  10:37  Roach  
  147  10:40  Zergling x6  
  143  10:44  Zergling x2  
  143  10:45  Zergling x2  
  143  10:47  Roach  
  143  10:48  Zergling x4  
  138  10:50  Zergling x2  
  138  10:52  Zergling x4  
  138  10:53  Zergling x2  
  138  10:55  Zergling x2  
  141  10:57  Zergling x4  
  141  10:59  Zergling x2  
  141  11:01  Corruptor x6  
  153  11:20  Baneling x5  
  153  11:21  Ravager x3  
  156  11:27  Zergling x2  
  156  11:28  Zergling x6  
  156  11:29  Zergling x6  
  156  11:32  Zergling x10  
  153  11:33  Zergling x2  
  153  11:34  Zergling x16  
  158  11:42  Brood Lord x4  
  158  11:45  Brood Lord  
  168  11:49  Brood Lord  
  168  11:51  Zergling x8  
  168  11:52  Baneling x3  
  173  11:54  Zergling x4  
  173  11:55  Zergling x2  
  173  11:58  Zergling x2  
  175  12:03  Drone  
  175  12:04  Corruptor, Drone  
  175  12:05  Corruptor  
  175  12:07  Zerg Flyer Weapons Level 1  
  175  12:08  Corruptor  
  177  12:11  Viper  
  177  12:13  Viper  
  185  12:19  Drone x2  
  185  12:20  Queen  
  185  12:22  Corruptor x2  
  189  12:26  Corruptor, Extractor  
  193  12:32  Overlord  
  193  12:34  Corruptor  
  193  12:36  Overlord  
  195  12:38  Extractor  
  194  12:45  Overseer x2  
  194  12:46  Corruptor  
  194  12:47  Corruptor  
  194  12:50  Zergling x10  
  197  12:52  Baneling x7  
  197  12:54  Zergling x4  
  197  12:56  Baneling x4  
  197  12:57  Baneling  
  199  13:00  Baneling  
  199  13:01  Baneling x2  
  199  13:03  Baneling x3  
  199  13:04  Baneling  
  199  13:15  Zergling x2  
  199  13:17  Baneling x11  
  199  13:18  Baneling x4  
  197  13:28  Baneling x9  
  195  13:43  Zergling x8  
  195  13:45  Zergling x2  
  195  13:46  Zergling x8  
  197  14:04  Zergling x2  
  197  14:05  Zergling x4  
  199  14:13  Zergling x2, Hatchery  
  199  14:16  Zergling x8  
  198  14:19  Zergling x4  
  198  14:20  Zergling x8  
  200  14:29  Zergling x10  
  200  14:48  Corruptor x5  
  199  14:56  Corruptor x2  
  199  14:59  Corruptor x5  
Show
View Real Time Build Order
Export as new Build Order

Trap Protoss - Winner!

Build Orders: 1 Gate Expand, Oracle Opening, Phoenix Opening, Zealot Archon 

Get SALT Encoding   

  12  0:00  Probe  
  13  0:12  Probe  
  14  0:18  Pylon  
  14  0:24  Probe  
  15  0:32  Assimilator  
  15  0:36  Probe (Chrono Boost)  
  16  0:46  Gateway  
  16  0:49  Probe (Chrono Boost)  
  17  0:54  Probe (Chrono Boost)  
  18  1:03  Probe  
  19  1:15  Probe  
  20  1:22  Nexus  
  20  1:33  Cybernetics Core  
  20  1:35  Probe  
  21  1:40  Assimilator  
  21  1:47  Probe  
  21  1:50  Pylon  
  22  1:59  Probe  
  23  2:06  Adept (Chrono Boost)  
  23  2:11  Probe (Chrono Boost)  
  23  2:15  Stargate  
  26  2:20  Warp Gate  
  27  2:23  Probe (Chrono Boost)  
  27  2:29  Adept  
  29  2:30  Probe (Chrono Boost)  
  29  2:34  Probe (Chrono Boost)  
  31  2:43  Probe x2 (Chrono Boost)  
  33  2:48  Probe (Chrono Boost)  
  33  2:50  Probe  
  35  2:58  Phoenix (Chrono Boost)  
  37  2:59  Adept  
  37  3:01  Probe  
  37  3:02  Probe  
  41  3:07  Pylon  
  41  3:13  Probe  
  41  3:14  Probe  
  41  3:19  Oracle (Chrono Boost)  
  46  3:25  Probe  
  46  3:26  Gateway  
  47  3:27  Probe  
  48  3:35  Gateway  
  48  3:38  Probe  
  48  3:39  Probe  
  50  3:46  Pylon  
  50  3:48  Oracle (Chrono Boost)  
  50  3:51  Probe, Assimilator  
  50  3:54  Assimilator  
  54  4:04  Probe  
  54  4:05  Probe  
  54  4:06  Robotics Facility  
  56  4:17  Probe x2  
  58  4:19  Nexus  
  58  4:21  Pylon  
  58  4:29  Probe x2  
  60  4:41  Probe x2  
  60  4:42  Sentry x2  
  60  4:44  Pylon  
  66  4:45  Shield Battery  
  66  4:49  Forge, Twilight Council  
  66  4:55  Probe x2  
  68  5:02  Immortal  
  72  5:07  Probe x2  
  74  5:20  Probe, Gateway  
  74  5:21  Probe, Gateway  
  76  5:23  Sentry  
  76  5:27  Charge  
  77  5:32  Templar Archives  
  77  5:33  Protoss Ground Weapons Level 1 (Chrono Boost), Zealot x2  
  77  5:34  Probe x3  
  84  5:46  Probe x3  
  87  5:55  Gateway  
  87  5:58  Gateway  
  87  6:00  Probe x2  
  87  6:01  Probe  
  87  6:03  Gateway  
  90  6:09  Assimilator  
  90  6:10  Assimilator  
  90  6:11  Pylon  
  90  6:13  Probe x2  
  90  6:15  Pylon  
  92  6:21  Probe  
  93  6:26  Immortal  
  93  6:29  Probe x2  
  99  6:35  Pylon  
  99  6:37  Pylon  
  99  6:39  Pylon  
  99  6:40  Photon Cannon x2  
  99  6:41  Photon Cannon  
  99  6:42  Pylon  
  99  6:44  High Templar x4  
  107  6:47  Pylon  
  107  6:48  Archon x2  
  107  6:57  Zealot x4  
  115  7:01  Pylon  
  115  7:07  Warp Prism  
  117  7:14  Robotics Facility  
  117  7:20  Robotics Bay, Shield Battery  
  117  7:21  High Templar x2, Shield Battery  
  117  7:22  Zealot  
  123  7:24  Shield Battery  
  123  7:25  Archon  
  123  7:28  Shield Battery  
  123  7:30  Shield Battery  
  123  7:37  Pylon  
  123  7:40  High Templar x2  
  123  7:41  Zealot x3  
  123  7:43  Protoss Ground Weapons Level 2 (Chrono Boost)  
  133  7:48  Archon  
  133  7:50  Pylon  
  133  7:53  Pylon  
  133  7:57  Pylon  
  133  7:59  Nexus  
  133  8:09  Colossus x2 (Chrono Boost)  
  145  8:20  Zealot x5  
  145  8:23  Extended Thermal Lance  
  155  8:27  Zealot x2  
  155  8:29  Zealot  
  144  8:52  Colossus (Chrono Boost)  
  144  8:53  Colossus (Chrono Boost)  
  144  8:55  Probe  
  144  8:56  Probe x2  
  144  9:01  Photon Cannon x2  
  144  9:02  Photon Cannon  
  159  9:03  Zealot  
  159  9:05  Zealot  
  159  9:08  Photon Cannon  
  159  9:09  Zealot  
  165  9:10  Zealot  
  165  9:14  Zealot  
  165  9:24  High Templar x3, Assimilator x2  
  165  9:25  High Templar  
  165  9:27  Photon Cannon  
  165  9:29  Photon Cannon  
  165  9:30  Archon x2  
  171  9:40  Blink (Chrono Boost)  
  171  9:44  High Templar x2, Zealot x2  
  179  9:48  Archon  
  179  9:55  Gateway  
  179  9:57  Gateway  
  179  10:05  Zealot  
  179  10:06  High Templar x2, Zealot x3  
  191  10:09  Pylon  
  191  10:11  Archon  
  129  10:28  Stalker x6  
  113  10:48  Colossus x2 (Chrono Boost), Stalker  
  113  10:49  Stalker  
  94  10:54  Stalker  
  94  10:55  Stalker x3  
  94  10:56  Stalker  
  108  11:00  Zealot  
  108  11:07  Zealot x2  
  112  11:16  Protoss Ground Weapons Level 3  
  112  11:18  Stargate  
  112  11:21  Zealot x3  
  112  11:22  Zealot  
  120  11:26  Colossus (Chrono Boost), Warp Prism (Chrono Boost)  
  128  11:33  Zealot x3  
  128  11:39  Zealot x2  
  134  11:40  Zealot  
  134  11:42  Zealot  
  138  11:49  High Templar x2  
  138  11:50  Zealot  
  138  11:52  Void Ray (Chrono Boost)  
  148  12:01  Archon  
  148  12:02  Void Ray (Chrono Boost)  
  142  12:11  Fleet Beacon, Gravitic Drive  
  140  12:23  Void Ray (Chrono Boost)  
  140  12:26  Protoss Air Weapons Level 1  
  140  12:29  Void Ray (Chrono Boost)  
  142  12:35  High Templar  
  142  12:36  High Templar, Zealot x4  
  158  12:40  Archon  
  158  12:50  Unknown  
  156  12:52  Void Ray (Chrono Boost)  
  156  12:57  Void Ray (Chrono Boost)  
  160  13:03  Nexus  
  160  13:05  Pylon  
  164  13:11  High Templar x2  
  164  13:12  Zealot x3  
  174  13:16  Archon  
  174  13:23  Void Ray (Chrono Boost)  
  176  13:29  Void Ray (Chrono Boost)  
  180  13:47  Psionic Storm  
  180  13:51  High Templar x4  
  180  13:53  Pylon  
  188  13:58  Archon x2  
  188  14:04  Zealot x4  
  188  14:05  Zealot x2  
  198  14:13  Nexus  
  168  14:26  Void Ray x2 (Chrono Boost)  
  176  14:32  High Templar x2  
  176  14:33  Zealot x4  
  176  14:36  Archon  
  188  14:41  Stalker x2  
  186  15:04  High Templar x2, Zealot  
  186  15:05  Zealot x2  
  200  15:09  Archon  
  190  15:15  High Templar x2  
  190  15:16  Zealot x3  
  174  15:21  Archon  

Tags
 
Add a new tag
Caveats
  • Supply blocks, unpowered buildings, or Contaminate may cause inaccurate times.
  • Supply counts are checked every 10 seconds.